 Dungeon Crawl Stone Soup version 0.32-a0-699-g1ee5eff69a (webtiles) character file.

Game seed: 9285685951351205584

537 BeKind the Chiller (level 7, -1/41 HPs)
             Began as an Octopode Ice Elementalist on Mar 13, 2024.
             Was a Follower of Vehumet.
             Slain by Duvessa
             ... wielding a +0 short sword
              (4 damage)
             ... on level 4 of the Dungeon.
             The game lasted 00:04:50 (2973 turns).

BeKind the Chiller (Octopode Ice Elementalist)      Turns: 2973, Time: 00:04:50

Health: -1/41      AC:  1    Str:  8    XL:     7   Next: 25%
Magic:  0/13       EV: 13    Int: 19    God:    Vehumet [*.....]
Gold:   180        SH:  0    Dex: 12    Spells: 7/14 levels left

rFire   . . .        r - +0 trident
rCold   . . .        (no shield)
rNeg    . . .        (helmet restricted)
rPois   .            j - amulet of regeneration
rElec   .            k - ring of see invisible
rCorr   .            (no ring)
SInv    +            (no ring)
Will    .....        (no ring)
Stlth   +++          (no ring)
HPRegen 1.06/turn    (no ring)
MPRegen 0.13/turn    (no ring)
                     (no ring)

%: no passive effects
@: no status effects
A: almost no armour, amphibious, 8 rings, camouflage 1, gelatinous body 1,
(nimble swimmer 1), tentacles
a: Renounce Religion


You were on level 4 of the Dungeon.
You worshipped Vehumet.
Vehumet was aware of your devotion.
You visited 1 branch of the dungeon, and saw 4 of its levels.

You collected 180 gold pieces.

Inventory:

Hand Weapons
 h - a +0 dagger
 r - a +0 trident (weapon)
Jewellery
 j - an amulet of regeneration (around mantle)
 k - a ring of see invisible (left tentacle)
Scrolls
 b - 3 scrolls of identify {unknown}
 g - 2 scrolls of noise {unknown}
 l - a scroll of enchant weapon {unknown}
 m - a scroll of fear {unknown}
 n - a scroll of immolation {unknown}
 p - a scroll of acquirement {unknown}
 q - a scroll of amnesia {unknown}
Potions
 a - a potion of magic
 c - 2 potions of might {unknown}
 d - a potion of heal wounds {unknown}
 e - 2 potions of curing {unknown}
 f - 2 potions of enlightenment {unknown}
 i - a potion of degeneration {unknown}
 o - a potion of haste {unknown}


   Skills:
 + Level 0.3 Polearms
 + Level 4.3 Dodging
 - Level 2.6 Stealth
 + Level 4.0 Spellcasting
 + Level 2.9 Summonings
 + Level 5.5 Ice Magic


You had 7 spell levels left.
You knew the following spells:

 Your Spells              Type           Power      Damage    Failure   Level
a - Freeze                Ice            96%        1d10      1%          1
b - Summon Ice Beast      Ice/Summ       19%        N/A       8%          3
c - Frozen Ramparts       Ice            48%        1d8       4%          3

Your spell library contained the following spells:

 Spells                   Type           Power      Damage    Failure   Level
 Shock                    Conj/Air       12%        1d3       14%         1
 Ozocubu's Armour         Ice            24%        N/A       4%          3
 Jinxbite                 Hex            6%         N/A       21%         2
 Brom's Barrelling Bould  Conj/Erth      3%         2d3       80%         4
 Fireball                 Conj/Fire      1%         3d3       98%         5
 Iskenderun's Battlesphe  Conj           3%         2d6       98%         5
 Yara's Violent Unravell  Hex/Alch       1%         3d3       98%         5
 Conjure Ball Lightning   Conj/Air       1%         3x3d6     100%        6
 Enfeeble                 Hex            1%         N/A       100%        7
 Orb of Destruction       Conj           1%         9d5       100%        7


Dungeon Overview and Level Annotations

Branches:
Dungeon (4/15)             Temple (0/1) D:4

Altars:
Ashenzari
Makhleb
Nemelex Xobeh
Vehumet

Annotations:
D:1 1 runed translucent door
D:4 1 runed translucent door, Duvessa


Innate Abilities, Weirdness & Mutations

You cannot wear most types of armour.
You are amphibious.
You can wear up to eight rings at the same time.
Your skin changes colour to match your surroundings (Stealth+).
Your rubbery body absorbs attacks. (AC +1, EV +1)
((You are camouflaged when in or above water. (Stealth+)))
You have tentacles for arms and can constrict up to eight enemies at once.


Message History

Your ice beast barely misses Duvessa.
The wall freezes Duvessa but does no damage.
Duvessa hits your ice beast with a +0 short sword!
Your ice beast dies!
Your ice beast disappears in a puff of smoke!
Casting: Frozen Ramparts (dangerous; 4% risk of failure)
Confirm with . or Enter, or press ? or * to list all spells.
You don't have enough magic to cast this spell.
The wall freezes Duvessa but does no damage.
The wall freezes Duvessa.
Duvessa hits you with a +0 short sword!
You hit Duvessa but do no damage. You grab Duvessa.
Duvessa is lightly wounded.
You constrict Duvessa!
The wall freezes Duvessa but does no damage.
Duvessa closely misses you.
You hit Duvessa. You squeeze Duvessa.
Duvessa is moderately wounded.
You constrict Duvessa.
The wall freezes Duvessa.
Duvessa closely misses you.
The wall freezes Duvessa but does no damage.
Duvessa hits you with a +0 short sword!!
You are too injured to fight recklessly!
Casting: Frozen Ramparts (dangerous; 4% risk of failure)
Confirm with . or Enter, or press ? or * to list all spells.
Aiming: Freeze (safe; 1% risk of failure)
Press: ? - help, Shift-Dir - straight line, f - Duvessa
Aim: Duvessa, wielding a +0 short sword and wearing a +1 chain mail of willpower (heavily wounded, constricted by you, berserk)
You freeze Duvessa!
Duvessa is severely wounded.
The frozen ramparts melt away.
You constrict Duvessa, but do no damage.
Duvessa hits you with a +0 short sword. Duvessa completely misses you.
Casting: Freeze (safe; 1% risk of failure)
Confirm with . or Enter, or press ? or * to list all spells.
You don't have enough magic to cast this spell.
You hit Duvessa.
Duvessa is severely wounded.
You constrict Duvessa. Duvessa hits you with a +0 short sword!
* * * LOW HITPOINT WARNING * * *
Duvessa hits you with a +0 short sword.
You die...

.................#.##.##.#....#.#
...###...........####..###.#.####
..###..>..##......#........#...##
..####....###.......#.#....#...#.
....##....##........###..........
.......#..#..#........#..........
...#.#.##....#........#..........
##############........####.......
###@.#....+_#....##.
#.e..##..####.....#.
#.#.##...#.......###
#.###....#.......... #
#....[#.........#
......#...##....# #............#
####...####...## ##....<.####...#


You could see Duvessa (berserk).

Vanquished Creatures
  Grinder (D:4)
  Dowan (D:4)
  A bombardier beetle (D:3)
  3 adders
  A white imp (D:4)
  A dart slug (D:4)
  2 orcs (D:4)
  6 endoplasms
  5 giant cockroaches
  3 goblins
  4 hobgoblins
  3 jackals (D:1)
  2 quokkas
  5 ball pythons
  4 bats
  2 frilled lizards
  5 kobolds
  22 rats
71 creatures vanquished.

Vanquished Creatures (collateral kills)
  The ghost of systembuster the Magician, an amateur DsHW (D:4)
  A hound (D:4)
  An adder (D:4)
3 creatures vanquished.

Grand Total: 74 creatures vanquished

Notes
Turn   | Place    | Note
-------+----------+-------------------------------------------
     0 | D:1      | BeKind the Octopode Ice Elementalist began the quest for
                  | the Orb.
     0 | D:1      | Reached XP level 1. HP: 11/11 MP: 3/3
     0 | D:1      | Noticed a jelly
     1 | D:1      | Found a runed translucent door.
   177 | D:1      | Reached XP level 2. HP: 11/17 MP: 0/5
   970 | D:2      | Reached XP level 3. HP: 21/21 MP: 4/6
  1593 | D:2      | Found a faded altar of an unknown god.
  1763 | D:3      | Reached XP level 4. HP: 22/27 MP: 5/8
  1768 | D:3      | Learned a level 3 spell: Summon Ice Beast
  1772 | D:3      | Learned a level 3 spell: Frozen Ramparts
  1929 | D:3      | Found a burning altar of Makhleb.
  1999 | D:3      | Found a radiant altar of Vehumet.
  2124 | D:3      | Became a worshipper of Vehumet
  2451 | D:4      | Reached * piety under Vehumet
  2451 | D:4      | Offered knowledge of Shock by Vehumet.
  2454 | D:4      | Found a broken altar of Ashenzari.
  2494 | D:4      | Reached skill level 1 in Summonings
  2494 | D:4      | Reached XP level 5. HP: 25/31 MP: 4/9
  2642 | D:4      | Found a staircase to the Ecumenical Temple.
  2644 | D:4      | Found a runed translucent door.
  2648 | D:4      | Noticed Grinder
  2654 | D:4      | Noticed systembuster's ghost (amateur DsHW)
  2665 | D:4      | Killed systembuster's ghost
  2666 | D:4      | Reached skill level 5 in Ice Magic
  2666 | D:4      | Reached XP level 6. HP: 33/36 MP: 3/11
  2673 | D:4      | Found a runed translucent door.
  2762 | D:4      | Killed Grinder
  2763 | D:4      | Reached XP level 7. HP: 15/41 MP: 9/12
  2875 | D:4      | Found a sparkling altar of Nemelex Xobeh.
  2954 | D:4      | Noticed Dowan
  2959 | D:4      | Killed Dowan
  2964 | D:4      | Noticed Duvessa
  2973 | D:4      | Slain by Duvessa

Illustrated notes

Levels and vault maps discovered:
D:1:      dpeg_arrival_caged_fury, layout_loops_ring, st_stairs_2,
          minmay_distorted
D:2:      layout_basic, basic_ecumenical_altar
D:3:      layout_rooms, nicolae_vehumet_radiance, general_overflow_altar,
          minmay_rat_hole
D:4:      layout_cave_pools, tgw_fedhas, nemelex_dance_club_becter,
          ashenzari_conservatory_becter, minmay_temple_entry_nine_rooms,
          ebering_ghost_sewer_f, uniq_duvessa, uniq_grinder, uniq_robin

Skill      XL: |  1  2  3  4  5  6  7 |
---------------+----------------------+-----
Dodging        | 3 4 |  4.3
Spellcasting   | 3 4 |  4.0
Summonings     | 1 2 |  2.9
Ice Magic      | 5 |  5.5
Polearms       | |  0.3
Stealth        | |  2.6

Action                     |  1- 3 |  4- 6 |  7- 9 || total
---------------------------+-------+-------+-------++-------
  Melee: Unarmed           |    31 |       |       ||    31
         Constrict         |    12 |    16 |     4 ||    32
         Tentacles         |     8 |    10 |     3 ||    21
         Punch             |     1 |       |       ||     1
         Dagger            |    12 |    42 |     8 ||    62
         Trident           |       |       |     3 ||     3
   Cast: Freeze            |    18 |    29 |     2 ||    49
         Summon Ice Beast  |       |     4 |     2 ||     6
         Frozen Ramparts   |       |       |     2 ||     2
   Stab: Sleeping          |     4 |     2 |     1 ||     7
 Armour: Skin              |    29 |    25 |     8 ||    62
  Dodge: Dodged            |    35 |    29 |     7 ||    71

Table legend: (Time is in decaauts)
 A = Elapsed time spent in this place.
 B = Non-inter-level travel time spent in this place.
 C = Inter-level travel time spent in this place.
 D = Time resting spent in this place.
 E = Time spent auto-exploring this place.
 F = Levels seen in this place.
 G = Mean time per level.
                   A        B        C        D        E       F      G
               +--------+--------+--------+--------+--------+-----+--------+
         Total |   2971 |   2852 |    119 |      0 |   2397 |   4 |  742.8 |
       Dungeon |   2971 |   2852 |    119 |      0 |   2397 |   4 |  742.8 |
               +--------+--------+--------+--------+--------+-----+--------+

Top non-repeatable levels by time:
     D:2: 1041 daAuts
     D:1: 715 daAuts
     D:3: 652 daAuts
     D:4: 562 daAuts
